 Dungeon Crawl Stone Soup version 0.29.1-4-g47bece8355 (webtiles) character file.

Game seed: 12478700015210366929

9 sanboga the Trooper (level 2, 14/36 HPs)
             Began as a Demonspawn Berserker on Dec 9, 2022.
             Was a Follower of Trog.
             Quit the game on level 1 of the Dungeon.
             The game lasted 00:00:30 (298 turns).

sanboga the Trooper (Demonspawn Berserker)           Turns: 298, Time: 00:00:30

Health: 14/36      AC:  2    Str: 17    XL:     2   Next: 6%
Magic:  2/2        EV: 12    Int:  8    God:    Trog [*.....]
Gold:   9          SH:  0    Dex: 12    Spells: 1/1 levels left

rFire   . . .      SeeInvis .     - Unarmed
rCold   . . .      Faith    .   (no shield)
rNeg    . . .      Spirit   .   a - +0 animal skin
rPois   .          Reflect  .   (no helmet)
rElec   .          Harm     .   (no cloak)
rCorr   .          Rampage  .   (no gloves)
Will    .....                   (no boots)
Stlth   ..........              (no amulet)
HPRegen 0.12/turn               (no ring)
MPRegen 0.08/turn               (no ring)

@: berserking, very quick
A: demonic magic 1
a: Renounce Religion, Berserk


You were on level 1 of the Dungeon.
You worshipped Trog.
Trog was aware of your devotion.
You visited 1 branch of the dungeon, and saw 1 of its levels.

You collected 9 gold pieces.

Inventory:

Armour
 a - a +0 animal skin (worn)
Potions
 b - 2 potions of curing {unknown}
 c - a potion of ambrosia {unknown}


   Skills:
 + Level 3.1 Fighting
 + Level 1.9 Armour
 + Level 1.9 Dodging
 * Level 2.9 Unarmed Combat


You had one spell level left.
You didn't know any spells.
Your spell library was empty.

Dungeon Overview and Level Annotations

Branches:
Dungeon (1/15)

Altars:


Innate Abilities, Weirdness & Mutations

Spells you cast may paralyse adjacent enemies.


Message History

The giant cockroach bites you but does no damage.
You closely miss the giant cockroach.
You punch the giant cockroach, but do no damage.
The kobold misses you.
The giant cockroach bites you but does no damage.
There are monsters nearby!
You hit the giant cockroach.
The giant cockroach is moderately wounded.
The kobold hits you but does no damage. The giant cockroach closely misses you.
There are monsters nearby!
You hit the giant cockroach but do no damage.
The giant cockroach is moderately wounded.
The giant cockroach bites you but does no damage.
The kobold hits you with a +0 dagger.
You closely miss the giant cockroach.
The giant cockroach is moderately wounded.
The giant cockroach barely misses you. The kobold hits you with a +0 dagger.
There are monsters nearby!
You are too injured to fight recklessly!
There are monsters nearby!
You are too injured to fight recklessly!
There are monsters nearby!
You are too injured to fight recklessly!
There are monsters nearby!
You are too injured to fight recklessly!
There is a stone staircase leading down here.
A red film seems to cover your vision as you go berserk!
You feel yourself moving faster!
You feel mighty! The giant cockroach bites you.
The giant cockroach bites you but does no damage.
You punch the giant cockroach!
You kill the giant cockroach!
Trog accepts your kill.
You have reached level 2!
Your demonic ancestry asserts itself...
A menacing aura infuses your magic.
You punch the kobold!
You kill the kobold!
Trog accepts your kill.
Are you sure you want to abandon this character and quit the game? (Confirm with "yes".)

# ### ## #... ##. #..(
##.. #...# ##... ###...?
######...#
.......#########.......##
#....)@..........)._∩#
#...##.......#.......##
### #######...####...#
####...##... #######..
##. ## #


There were no monsters in sight!

Vanquished Creatures
  A dart slug (D:1)
  An endoplasm (D:1)
  A giant cockroach (D:1)
  A goblin (D:1)
  A hobgoblin (D:1)
  A bat (D:1)
  A kobold (D:1)
7 creatures vanquished.

Notes
Turn   | Place    | Note
-------+----------+-------------------------------------------
     0 | D:1      | sanboga the Demonspawn Berserker began the quest for the
                  | Orb.
     0 | D:1      | Reached XP level 1. HP: 18/18 MP: 1/1
   197 | D:1      | Found a faded altar of an unknown god.
   297 | D:1      | Gained mutation: Spells you cast may paralyse adjacent
                  | enemies. [demonic ancestry]
   297 | D:1      | Reached XP level 2. HP: 14/24 MP: 2/2
   298 | D:1      | Quit the game

Illustrated notes

Levels and vault maps discovered:
D:1:      eino_arrival_cavern_d, layout_rooms,
          hellmonk_ecumenical_altar_crossroads

Action                   || total
-------------------------++-------
Melee: Unarmed           ||    21
       Punch             ||     2
Invok: Berserk           ||     1
Armor: Animal skin       ||     6
Dodge: Dodged            ||    12
